 Dungeon Crawl Stone Soup version 0.19.1 (webtiles) character file.

22967 Ice the Slinger (level 12, -1/154 HPs)
             Began as a Minotaur Berserker on Dec 16, 2016.
             Was a High Priest of Trog.
             Slain by a troll (2 damage)
             ... on level 13 of the Dungeon on Dec 20, 2016.
             The game lasted 01:29:16 (13148 turns).

Ice the Slinger (Minotaur Berserker)               Turns: 13148, Time: 01:29:17

Health: -1/154     AC:  9    Str: 27    XL:     12   Next: 67%
Magic:  11/11      EV: 15    Int:  5    God:    Trog [*****.]
Gold:   527        SH:  0    Dex: 19    Spells: 0 memorised, 11 levels left

rFire  . . .     SeeInvis +     S - +4 executioner's axe (venom)
rCold  . . .     Gourm    .     X - +0 steam dragon scales
rNeg   . . .     Faith    .     (shield currently unavailable)
rPois  .         Spirit   .     E - +2 hat {SInv}
rElec  .         Reflect  .     (no cloak)
rCorr  .         Harm     .     M - +0 pair of gloves
MR     .....                    (no boots)
Stlth  ..........               H - amulet of regeneration
                                a - +5 ring of dexterity
                                K - ring of stealth

@: berserking (expiring), drained, very quick
A: retaliatory headbutt, horns 2
a: Berserk, Trog's Hand, Brothers in Arms, Burn Spellbooks, Renounce Religion


You were on level 13 of the Dungeon.
You worshipped Trog.
Trog was extremely pleased with you.
You were hungry.

You visited 1 branch of the dungeon, and saw 13 of its levels.
You also visited: Sewer.

You collected 805 gold pieces.
You spent 278 gold pieces at shops.

Inventory:

Hand Weapons
 A - a +8 fustibalus
 S - a +4 executioner's axe of venom (weapon)
 U - a +0 blowgun
 V - a +0 shortbow
Missiles
 h - 145 sling bullets
 l - 327 stones (quivered)
 m - 85 poisoned needles
 C - 180 arrows
 D - 11 curare-tipped needles
 N - 3 needles of sleeping
Armour
 E - a +2 hat of see invisible (worn)
 M - a +0 pair of gloves (worn)
 X - +0 steam dragon scales (worn)
Jewellery
 a - a +5 ring of dexterity (right hand)
 H - an amulet of regeneration (around neck)
 K - a ring of stealth (left hand)
Wands
 i - a wand of lightning (9/15)
 T - a wand of flame (9/48)
Scrolls
 b - 3 scrolls of remove curse
 j - a scroll of brand weapon {unknown}
 k - 2 scrolls of silence {unknown}
 p - 2 scrolls of summoning {unknown}
 r - 5 scrolls of immolation
 s - a scroll of fear {unknown}
 w - 2 scrolls of amnesia {unknown}
 x - 4 scrolls of fog
 B - 2 scrolls of enchant armour {unknown}
 F - a scroll of magic mapping {unknown}
 I - a scroll of teleportation {unknown}
 O - a scroll of noise {unknown}
 Z - 2 scrolls of enchant weapon {unknown}
Potions
 d - 8 potions of curing
 e - 3 potions of cancellation
 g - a potion of berserk rage {unknown}
 n - 4 potions of heal wounds
 o - 4 potions of haste
 q - a potion of ambrosia {unknown}
 v - a potion of mutation {unknown}
 z - 2 potions of agility
 G - 6 potions of flight
 J - 3 potions of invisibility {unknown}
 Q - 2 potions of lignification {unknown}
 Y - 2 potions of cure mutation {unknown}
Books
 t - a book of Changes

   Spells                             Type                      Level
   a - Beastly Appendage              Transmutation                1
   b - Sticks to Snakes               Transmutation                2
   c - Spider Form                    Transmutation/Poison         3
   d - Ice Form                       Ice/Transmutation            4
   e - Blade Hands                    Transmutation                5
   Trog disapproves of the use of such an item.
 y - a book of Fire

   Spells                             Type                      Level
   a - Ignite Poison                  Fire/Transmutation/Poison    3
   b - Fireball                       Conjuration/Fire             5
   c - Bolt of Fire                   Conjuration/Fire             6
   d - Delayed Fireball               Conjuration/Fire             7
   e - Ring of Flames                 Charms/Fire                  7
   Trog disapproves of the use of such an item.
Comestibles
 c - 10 bread rations
 u - 17 fruits
 P - 8 beef jerkies
 R - 5 meat rations


   Skills:
 + Level 8.4(7.9) Fighting
 - Level 9.8(10.6) Axes
   Level 3.6(6.8) Maces & Flails
   Level 7.8(9.5) Polearms
 - Level 13.0(13.6) Slings
 - Level 9.4(11.4) Throwing
 - Level 5.1(4.7) Armour
 - Level 5.0(4.5) Dodging
 - Level 5.9(5.4) Stealth


You had 11 spell levels left.
You didn't know any spells.

Dungeon Overview and Level Annotations

Branches:
Dungeon (13/15)            Temple (0/1) D:7            Lair (0/6) D:8
    Orc (0/2) D:9          Vaults (0/5) D:13

Altars:
Ashenzari
Dithmenos
Elyvilon
Hepliaklqana
Makhleb
Trog
Vehumet
Xom
The Shining One

Shops:
D:4 =   D:5 %   D:11 [

Annotations:
D:6 1 runed door


Innate Abilities, Weirdness & Mutations

You reflexively headbutt those who attack you in melee.
You have a pair of horns on your head.


Message History

The ice beast hits you but does no damage.
You barely miss the ice beast.
The ice beast is lightly wounded.
The ice beast completely misses you. You furiously retaliate!
You headbutt the ice beast! You slice the ice beast!!
The ice beast is almost dead.
The ice beast hits you but does no damage.
You slice the ice beast!!
You feel the power of Trog in you as your rage grows.
You kill the ice beast!
Trog accepts your kill.
You slash the hungry ghost! The hungry ghost hits you.
* * * LOW HITPOINT WARNING * * *
You are feeling hungry.
You barely miss the troll. Your headbutt misses the troll.
You closely miss the hungry ghost. The troll bites you!
* * * LOW HITPOINT WARNING * * *
The troll claws you.
You die...

#.>...†.#≈≈≈≈≈≈.
#..######≈≈≈≈≈..
#..# ≈≈≈≈...
#..# ≈≈≈....
#..# ≈≈..♣..
#..# ###≈.....(
#..# #.'.....$♣
#..####T#≈.D.(.)
#....W@.#≈≈T(♣..
#.......#≈≈≈..?.
#..######≈≈≈≈...
#..# ≈≈≈≈≈..
#..# ≈≈≈≈≈≈.
#..# #######
#<.. #.#


You could see a troll and a hungry ghost.

Vanquished Creatures
  Gastronok (D:8)
  A fire dragon (D:13)
  The ghost of Aguirre the Cleaver, a journeyman MiBe of Trog (D:11)
  3 hydras
  A vault guard (D:13)
  Sonja (D:13)
  The ghost of platinum the Quickloader, a novice DgWn (D:8)
  An unseen horror (D:13)
  3 hill giants
  A manticore (D:12)
  A cyclops (D:11)
  A centaur zombie (D:12)
  A komodo dragon (D:12)
  A harpy zombie (D:13)
  2 trolls (D:10)
  A hornet (D:7)
  A two-headed ogre (D:13)
  Prince Ribbit (D:6)
  2 hippogriffs
  13 yaks
  A vampire (D:12)
  A hill giant zombie (D:9)
  A wyvern (D:13)
  5 hungry ghosts
  A basilisk (D:12)
  A human (shapeshifter) (D:10)
  2 steam dragons
  4 vampire mosquitoes
  Menkaure (D:6)
  A mottled dragon (D:13)
  Duvessa (D:6)
  Purgy (Sewer)
  7 ice beasts
  3 orc warriors
  3 sky beasts
  5 phantoms
  A black bear (D:10)
  7 ogres
  3 centaurs
  6 bullfrogs
  2 crocodiles (D:12)
  2 big kobolds
  Dowan (D:6)
  3 scorpions
  2 troll zombies (D:9)
  14 killer bees
  3 wights (D:8)
  3 howler monkeys
  3 electric eels (D:10)
  6 crimson imps
  3 bullfrog zombies
  2 quasits
  6 hounds
  6 jellies
  5 orc priests
  3 bullfrog skeletons
  10 iguanas
  Natasha (thrice) (D:3)
  11 orc wizards
  13 worker ants
  5 ogre zombies (D:9)
  A hound skeleton (D:10)
  A howler monkey zombie (D:8)
  2 worker ant zombies
  19 adders
  6 gnolls (D:7)
  A shadow imp (D:6)
  2 adder skeletons (D:7)
  2 adder zombies
  3 worms
  4 dart slugs
  7 leopard geckos
  37 orcs
  6 ball pythons
  A bat (D:1)
  3 giant cockroaches
  3 goblins
  8 hobgoblins
  16 jackals
  3 quokkas
  3 frilled lizards
  2 goblin zombies (D:9)
  A hobgoblin zombie (D:9)
  A jackal skeleton (D:4)
  A jackal zombie (D:5)
  33 kobolds
  A leopard gecko zombie (D:5)
  4 orc skeletons (D:9)
  17 orc zombies (D:9)
  4 rats
  3 plants (D:4)
394 creatures vanquished.

Vanquished Creatures (others)
  A quokka (D:3)
  A kobold (D:3)
2 creatures vanquished.

Grand Total: 396 creatures vanquished

Notes
Turn   | Place    | Note
-------+----------+-------------------------------------------
     0 | D:1      | Ice the Minotaur Berserker began the quest for the Orb.
     0 | D:1      | Reached XP level 1. HP: 19/19 MP: 0/0
   204 | D:1      | Reached XP level 2. HP: 25/26 MP: 1/1
   738 | D:2      | Reached XP level 3. HP: 31/31 MP: 2/2
   939 | D:2      | Reached XP level 4. HP: 20/39 MP: 3/3
  1079 | D:2      | Reached ** piety under Trog
  1468 | D:3      | Reached skill level 5 in Dodging
  1506 | D:3      | Found a burning altar of Makhleb.
  1644 | D:3      | Noticed Natasha
  1648 | D:3      | Killed Natasha
  1746 | D:3      | Noticed Natasha
  1751 | D:3      | Killed Natasha
  1751 | D:3      | Reached XP level 5. HP: 34/47 MP: 4/4
  1781 | D:3      | Found a white marble altar of Elyvilon.
  1800 | D:3      | Reached skill level 5 in Fighting
  2065 | D:3      | Noticed Natasha
  2071 | D:3      | Killed Natasha
  2071 | D:3      | Reached skill level 1 in Slings
  2105 | D:3      | Reached skill level 2 in Slings
  2227 | D:3      | Found a shimmering altar of Xom.
  2300 | D:4      | Reached skill level 3 in Slings
  2300 | D:4      | Reached XP level 6. HP: 56/56 MP: 5/5
  2322 | D:4      | Reached skill level 4 in Slings
  2338 | D:4      | Reached skill level 5 in Slings
  2340 | D:4      | Reached *** piety under Trog
  2457 | D:4      | Reached XP level 7. HP: 44/61 MP: 6/6
  2558 | D:4      | Reached skill level 6 in Slings
  2563 | D:4      | Found a glowing drain.
  2573 | Sewer    | Entered a sewer
  2635 | Sewer    | Noticed Purgy
  2651 | Sewer    | Killed Purgy
  2950 | D:4      | Found Amasuaqogra's Jewellery Boutique.
  3333 | D:4      | Reached **** piety under Trog
  3663 | D:5      | Entered Level 5 of the Dungeon
  3754 | D:5      | Reached XP level 8. HP: 68/68 MP: 7/7
  3891 | D:5      | Reached skill level 5 in Throwing
  3933 | D:5      | Found Uganacek's Food Shoppe.
  3945 | D:5      | Bought a beef jerky for 19 gold pieces
  3945 | D:5      | Bought a meat ration for 65 gold pieces
  3945 | D:5      | Bought a slice of pizza for 19 gold pieces
  3945 | D:5      | Bought a meat ration for 65 gold pieces
  3945 | D:5      | Bought a beef jerky for 19 gold pieces
  3945 | D:5      | Bought a royal jelly for 26 gold pieces
  3945 | D:5      | Bought a meat ration for 65 gold pieces
  3996 | D:5      | Found a bloodstained altar of Trog.
  4267 | D:5      | Reached ***** piety under Trog
  4623 | D:6      | Found a radiant altar of Vehumet.
  4661 | D:6      | Found a glowing golden altar of the Shining One.
  4682 | D:6      | Found a shadowy altar of Dithmenos.
  4821 | D:6      | Noticed Menkaure
  4833 | D:6      | HP: 2/102 [Menkaure (8)]
  4833 | D:6      | Killed Menkaure
  5064 | D:6      | Noticed Prince Ribbit
  5097 | D:6      | Killed Prince Ribbit
  5097 | D:6      | Received a gift from Trog
  5294 | D:6      | Reached XP level 9. HP: 74/74 MP: 8/8
  5608 | D:6      | Found a runed door.
  5628 | D:6      | Noticed Dowan
  5629 | D:6      | Noticed Duvessa
  5640 | D:6      | Killed Duvessa
  5645 | D:6      | Killed Dowan
  5862 | D:7      | Found a hazy altar of Hepliaklqana.
  6009 | D:7      | Reached skill level 5 in Armour
  6026 | D:7      | Found a staircase to the Ecumenical Temple.
  6209 | D:7      | Reached skill level 7 in Slings
  6518 | D:7      | Reached skill level 8 in Slings
  6845 | D:8      | Found a shattered altar of Ashenzari.
  6906 | D:8      | Noticed platinum's ghost (novice DgWn)
  6927 | D:8      | Killed platinum's ghost
  6927 | D:8      | Reached skill level 9 in Slings
  6927 | D:8      | Reached XP level 10. HP: 46/81 MP: 3/9
  7009 | D:8      | Found a staircase to the Lair.
  7030 | D:8      | Reached skill level 10 in Slings
  7583 | D:8      | Received a gift from Trog
  7591 | D:8      | Noticed Gastronok
  7709 | D:8      | Killed Gastronok
  8027 | D:9      | Reached skill level 1 in Axes
  8037 | D:9      | Found a staircase to the Orcish Mines.
  8057 | D:9      | Received a gift from Trog
  8440 | D:9      | Reached skill level 11 in Slings
  8440 | D:9      | Reached XP level 11. HP: 73/88 MP: 8/10
  9178 | D:10     | Entered Level 10 of the Dungeon
  9303 | D:10     | Reached skill level 12 in Slings
  9728 | D:10     | Noticed a hill giant
  9735 | D:10     | Killed a hill giant
  9782 | D:10     | Noticed a hill giant
  9791 | D:10     | Killed a hill giant
  9791 | D:10     | Reached skill level 13 in Slings
  9915 | D:10     | Reached skill level 1 in Stealth
 10053 | D:11     | Noticed Aguirre's ghost (journeyman MiBe)
 10065 | D:11     | HP: 3/132 [orc warrior/trident (11)]
 10371 | D:11     | Killed Aguirre's ghost
 10683 | D:11     | Received a gift from Trog
 10909 | D:11     | Noticed a hill giant
 10916 | D:11     | Killed a hill giant
 10916 | D:11     | Reached skill level 5 in Stealth
 11440 | D:11     | Received a gift from Trog
 11529 | D:11     | Found Hejavo's Armour Boutique.
 11707 | D:12     | Noticed a four-headed hydra
 11716 | D:12     | Killed a five-headed hydra
 11716 | D:12     | Reached skill level 5 in Axes
 11716 | D:12     | Reached XP level 12. HP: 94/94 MP: 9/11
 11739 | D:12     | Got a jewelled falchion
 11740 | D:12     | Identified the +7 falchion of the Endless Ghosts {drain, rPois MR+ Str-5} (You found it on level 12 of the Dungeon)
 11895 | D:12     | Noticed a five-headed hydra
 11907 | D:12     | Killed a nine-headed hydra
 12657 | D:13     | Noticed a seven-headed hydra
 12664 | D:13     | Killed a ten-headed hydra
 12688 | D:13     | Noticed a vault guard
 12692 | D:13     | HP: 3/94 [vault guard/great sword of freezing (3)]
 12722 | D:13     | Killed a vault guard
 12912 | D:13     | Found a gate to the Vaults.
 13010 | D:13     | Noticed Sonja
 13023 | D:13     | Killed Sonja
 13124 | D:13     | Noticed a fire dragon
 13140 | D:13     | HP: 7/150 [fire dragon/blast of flame (43)]
 13142 | D:13     | Killed a fire dragon
 13148 | D:13     | HP: 1/154 [troll (9)]
 13148 | D:13     | Slain by a troll

Skill      XL: |  1  2  3  4  5  6  7  8  9 10 11 12 |
---------------+-------------------------------------+-----
Dodging        | 3 4 5 |  5.0
Fighting       | 4 5 8 |  8.4
Slings         | 3 5 6 9 11 13 | 13.0
Throwing       | 4 8 9 |  9.4
Armour         | 5 |  5.1
Polearms       | 7 |  7.8
Axes           | 3 5 9 |  9.8
Stealth        | 5 |  5.9
Maces & Flails | |  3.6

Action                   |  1- 3 |  4- 6 |  7- 9 | 10-12 || total
-------------------------+-------+-------+-------+-------++-------
Melee: Mace              |    70 |     6 |       |       ||    76
       Headbutt          |     6 |    25 |    80 |    94 ||   205
       Spear             |       |    28 |       |       ||    28
       Dagger            |       |    55 |   204 |     2 ||   261
       War axe           |       |       |    45 |    68 ||   113
       Halberd           |       |       |    28 |   160 ||   188
       Executioner's axe |       |       |       |    78 ||    78
 Fire: Hunting sling     |       |    36 |   117 |    18 ||   171
       Blowgun           |       |       |   109 |    24 ||   133
       Fustibalus        |       |       |       |   287 ||   287
Throw: Stone             |    49 |    29 |    46 |    16 ||   140
Invok: Berserk           |       |       |     2 |    10 ||    12
Evoke: Wand              |       |       |     2 |     3 ||     5
  Use: Scroll            |     2 |     5 |     7 |     8 ||    22
       Potion            |       |       |       |     2 ||     2
 Stab: Sleeping          |       |     2 |       |     5 ||     7
       Distracted        |       |       |       |     2 ||     2
  Eat: Chunk             |       |     5 |    15 |    23 ||    43
       Pizza             |       |       |       |     3 ||     3
       Royal jelly       |       |       |       |     2 ||     2
       Meat ration       |       |       |       |     1 ||     1
Armor: Animal skin       |     5 |       |       |       ||     5
       Leather armour    |     5 |     3 |       |       ||     8
       Ring mail         |       |    19 |    11 |       ||    30
       Chain mail        |       |       |    82 |       ||    82
       Steam dragon scal |       |       |     2 |   123 ||   125
Dodge: Dodged            |    60 |    28 |   152 |   267 ||   507
